 Dungeon Crawl Stone Soup version 0.26.1-11-gd32895ea62 (webtiles) character file.

Game seed: 15548651956022926028

14322 H0rd4k the Martial Artist (level 12, -3/77 HPs)
             Began as an Octopode Transmuter on May 20, 2021.
             Was an Initiate of Gozag.
             Slain by Grum
             ... wielding a +1 spear
              (9 damage)
             ... on level 1 of the Lair of Beasts.
             The game lasted 00:32:53 (20528 turns).

H0rd4k the Martial Artist (Octopode Transmuter)    Turns: 20528, Time: 00:32:54

Health: -3/77      AC:  2    Str: 18    XL:     12   Next: 15%
Magic:  0/33       EV: 18    Int: 26    God:    Gozag
Gold:   493        SH:  0    Dex: 15    Spells: 12/27 levels left

rFire    + + .     SeeInvis .     - Unarmed
rCold    . . .     Faith    .   (shield currently unavailable)
rNeg     + . .     Spirit   +   F - +1 hat
rPois    .         Reflect  .   P - amulet "Baazxife" {Spirit rF+ MP+9 Str+7}
rElec    .         Harm     .   m - ring of fire
rCorr    +         Rampage  .   C - +6 ring of intelligence
Will     .....                  M - ring "Loyconoc" {rC+ Int+2 Stlth+}
Stlth    +++++.....             Q - ring of positive energy
HPRegen  0.22/turn              b - ring "Xiururghu" {rCorr Dex+2}
MPRegen  0.23/turn              (no ring)
                                (no ring)
                                (no ring)

@: blade tentacles
A: almost no armour, stealthy swim, amphibious, 8 rings, constrict 8, camouflage
1, gelatinous body 1
a: End Transformation, Renounce Religion, Potion Petition, Call Merchant, Bribe
Branch


You were on level 1 of the Lair of Beasts.
You worshipped Gozag.
Gozag was aware of your devotion.
You had blades for tentacles.
You visited 3 branches of the dungeon, and saw 13 of its levels.
You also visited: Sewer.

You collected 2387 gold pieces.
You spent 1217 gold pieces at shops.
You paid 677 gold pieces to Gozag.

Inventory:

Missiles
 t - 7 atropa-tipped darts
 N - 5 poisoned darts (quivered)
Armour
 F - a +1 hat (worn)
Jewellery
 b - the ring "Xiururghu" (on tentacle) {rCorr Dex+2}
   (You bought it in a shop on level 6 of the Dungeon)

   [ring of resist corrosion]

   It affects your dexterity (+2).
   It provides partial protection from all sources of acid and corrosion.
 m - a ring of fire (left scythe-like blade)
 n - an uncursed amulet of magic regeneration
 v - an uncursed amulet of reflection
 C - a +6 ring of intelligence (right scythe-like blade)
 D - an uncursed amulet of the acrobat {unknown}
 G - an uncursed amulet of regeneration {unknown}
 M - the ring "Loyconoc" (on tentacle) {rC+ Int+2 Stlth+}
   (You bought it in a shop on level 6 of the Dungeon)

   [ring of stealth]

   It affects your intelligence (+2).
   It protects you from cold.
   It makes you more stealthy.
 P - the amulet "Baazxife" (around mantle) {Spirit rF+ MP+9 Str+7}
   (You found it on level 10 of the Dungeon)

   [amulet of guardian spirit]

   It causes incoming damage to be split between your health and magic.
   It affects your strength (+7).
   It protects you from fire.
   It affects your magic capacity (+9).
 Q - a ring of positive energy (on tentacle)
Wands
 k - a wand of iceblast (10)
 o - a wand of polymorph (13)
 u - a wand of digging (12)
 E - a wand of random effects (15)
Scrolls
 g - 13 scrolls of remove curse
 h - 2 scrolls of enchant weapon
 l - 3 scrolls of fear
 q - 4 scrolls of teleportation
 y - 6 scrolls of fog
 B - a scroll of immolation
 K - a scroll of vulnerability
 R - a scroll of enchant armour
 S - 2 scrolls of amnesia
Potions
 a - 2 potions of ambrosia
 e - 3 potions of haste
 i - 5 potions of curing
 j - 3 potions of mutation
 p - 6 potions of magic
 r - 8 potions of flight
 s - a potion of cancellation {unknown}
 w - 4 potions of invisibility
 x - a potion of brilliance {unknown}
 J - 3 potions of might
Miscellaneous
 O - a box of beasts (inert)


   Skills:
 + Level 5.1 Fighting
 + Level 2.1 Throwing
 + Level 7.4 Dodging
 + Level 4.8 Stealth
 + Level 2.8 Shields
 + Level 11.5 Unarmed Combat
 + Level 8.2 Spellcasting
 + Level 1.3 Translocations
 + Level 7.4 Transmutations
 + Level 0.6 Ice Magic
 + Level 3.1 Poison Magic
 + Level 3.0 Evocations


You had 12 spell levels left.
You knew the following spells:

 Your Spells              Type           Power        Failure   Level
a - Beastly Appendage     Tmut           98%          10%         1
b - Spider Form           Tmut/Pois      19%          21%         3
c - Blink                 Tloc           N/A          32%         2
d - Blade Hands           Tmut           24%          41%         5
e - Ice Form              Ice/Tmut       31%          47%         4

Your spell library contained the following spells:

 Spells                   Type           Power        Failure   Level
 Wereblood                Tmut           49%          11%         2
 Magic Dart               Conj           40%          34%         1
 Call Imp                 Summ           10%          43%         2
 Slow                     Hex            10%          43%         2
 Mephitic Cloud           Conj/Pois/Air  16%          47%         3
 Conjure Flame            Conj/Fire      16%          58%         3


Dungeon Overview and Level Annotations

Branches:
Dungeon (11/15)            Temple (1/1) D:6            Lair (1/6) D:8
    Orc (0/2) D:9           Sewer (visited)

Altars:
Ashenzari
Cheibriados
Dithmenos
Elyvilon
Fedhas
Gozag
Hepliaklqana
Nemelex Xobeh
Qazlal
Ru
Sif Muna
Trog
Uskayaw
Vehumet
Wu Jian
Xom
Yredelemnul
Zin
The Shining One

Shops:
D:6 [[([=   D:8 =   D:10 !

Annotations:
D:4 exclusion: upstairs
D:7 exclusion: killer bee
D:8 exclusions: downstairs and electric eel
D:9 2 runed translucent doors, exclusion: 2 doors, Erica; Quickbrownfox's ghost, novice MiFi
D:11 Sonja
Lair:1 Grum


Innate Abilities, Weirdness & Mutations

You cannot wear most types of armour.
You are very stealthy in the water. (Stealth+)
You are amphibious.
You can wear up to eight rings at the same time.
You can use your tentacles to constrict eight enemies at once.
Your skin changes colour to match your surroundings (Stealth+).
Your rubbery body absorbs attacks. (AC +1, EV +1)


Message History

You squeeze the wolf, but do no damage.
The wolf is heavily wounded.
You constrict the wolf. The wolf bites you. Grum misses you.
You slice the wolf!!
You kill the wolf!
Grum hits you with a +1 spear!
* * * LOW HITPOINT WARNING * * *
You see here 25 gold pieces.
You hit Grum. You grab Grum. You squeeze Grum.
Grum is lightly wounded.
You constrict Grum. Grum hits you with a +1 spear!
* * * LOW HITPOINT WARNING * * *
You slash Grum! Your squeeze misses Grum.
Grum is moderately wounded.
You constrict Grum. Grum misses you.
You slash Grum! You squeeze Grum.
Grum is severely wounded.
You constrict Grum. Grum hits you with a +1 spear!
You die...
Your body crumbles into a pile of gold.

........# #.## ..#...# #.#
#.#.#g## #.# #.# #h$# #.##
##.P##.## #..# ..##..# ##.#
## #^###.# ##.#
###..####.##g.# #..#
[..........@..# ##.#
.##(.#..###.## ##.. #
##.##### #.># #..# ##.#
#.#####.## #.# #........##
### #.#
..#####...##########.####.#
#...................#
......#P#.##########.####


You could see Grum.

Vanquished Creatures
  2 hydras
  A two-headed ogre (D:7)
  2 centaur warriors
  A cyclops (D:9)
  2 centaur zombies
  Joseph (Lair:1)
  Psyche (D:8)
  A komodo dragon (Lair:1)
  A polar bear (Lair:1)
  3 trolls
  Grinder (D:3)
  5 blink frogs (Lair:1)
  4 yaks (D:11)
  A wyvern (D:9)
  2 steam dragons
  Menkaure (D:4)
  2 wargs (D:8)
  An acid dragon (D:9)
  A water moccasin (Lair:1)
  A sky beast (D:6)
  4 orc warriors
  3 phantoms
  3 ice beasts
  7 ogres
  2 boggarts (D:9)
  A necrophage (D:11)
  6 centaurs
  4 wolves (Lair:1)
  A big kobold (D:10)
  2 bullfrogs
  A gnoll sergeant (D:9)
  3 scorpions
  13 killer bees (D:11)
  A water moccasin skeleton (D:4)
  5 howler monkeys
  6 wights
  An electric eel (D:8)
  A bullfrog zombie (D:11)
  A quasit (D:10)
  A jelly (D:11)
  A gnoll shaman (D:8)
  8 hounds
  7 orc wizards
  Crazy Yiuf (D:3)
  8 orc priests
  A bullfrog skeleton (D:7)
  2 centaur skeletons
  4 iguanas
  Terence (D:2)
  5 hell rats (Lair:1)
  6 worker ants
  A worker ant zombie (D:9)
  14 gnolls
  7 adders
  4 shadow imps
  A white imp (D:5)
  2 ufetubi
  9 oozes
  An adder zombie (D:5)
  7 worms
  3 dart slugs
  6 leopard geckos
  23 orcs
  11 bats
  11 giant cockroaches
  6 hobgoblins
  12 jackals
  8 quokkas
  5 ball pythons
  4 frilled lizards
  5 goblins
  9 kobolds
  2 quokka skeletons
  5 rats
  A bush (D:8)
301 creatures vanquished.

Vanquished Creatures (others)
  2 fungi (Lair:1)
  5 plants (Lair:1)
7 creatures vanquished.

Grand Total: 308 creatures vanquished

Notes
Turn   | Place    | Note
-------+----------+-------------------------------------------
     0 | D:1      | H0rd4k the Octopode Transmuter began the quest for the Orb.
     0 | D:1      | Reached XP level 1. HP: 13/13 MP: 3/3
   197 | D:1      | Reached XP level 2. HP: 12/18 MP: 5/5
   307 | D:1      | Reached skill level 1 in Stealth
   722 | D:1      | Reached XP level 3. HP: 23/23 MP: 6/6
   726 | D:1      | Learned a level 3 spell: Spider Form
  1251 | D:2      | Noticed Terence
  1269 | D:2      | Killed Terence
  1270 | D:2      | Reached XP level 4. HP: 19/28 MP: 7/7
  1655 | D:2      | Found a glowing golden altar of the Shining One.
  1657 | D:2      | Noticed Sigmund
  1666 | D:2      | Noticed Sigmund
  1666 | D:2      | Sigmund changed into Sigmund the ooze
  1674 | D:2      | Killed Sigmund the ooze
  1852 | D:2      | Reached skill level 1 in Poison Magic
  2439 | D:3      | Reached skill level 4 in Unarmed Combat
  2439 | D:3      | Reached XP level 5. HP: 21/33 MP: 7/9
  2673 | D:3      | Reached skill level 1 in Throwing
  2883 | D:3      | Found a runed translucent door.
  2884 | D:3      | Noticed Crazy Yiuf
  3293 | D:3      | Reached XP level 6. HP: 38/38 MP: 10/10
  3316 | D:3      | Noticed Grinder
  3316 | D:3      | Paralysed by Grinder for 7 turns
  4382 | D:4      | Reached skill level 5 in Unarmed Combat
  4388 | D:4      | Reached XP level 7. HP: 10/43 MP: 9/12
  5025 | D:4      | Found a sparkling altar of Nemelex Xobeh.
  5791 | D:4      | Learned a level 2 spell: Blink
  5831 | D:4      | Noticed Menkaure
  6110 | D:4      | Killed Menkaure
  6111 | D:4      | Reached skill level 6 in Unarmed Combat
  6281 | D:4      | Reached XP level 8. HP: 48/51 MP: 14/14
  6342 | D:4      | Found a white marble altar of Elyvilon.
  6466 | D:5      | Entered Level 5 of the Dungeon
  6473 | D:5      | Found a glowing drain.
  6549 | Sewer    | Entered a sewer
  7694 | D:5      | Reached skill level 7 in Unarmed Combat
  8012 | D:6      | Found Num Lefahuwe's Jewellery Emporium.
  8316 | D:6      | Found an ornate altar of the Wu Jian Council.
  8326 | D:6      | Found Fecot's Antique Weapon Shoppe.
  8332 | D:6      | Found Soeqoko's Antique Armour Shoppe.
  8673 | D:6      | Reached XP level 9. HP: 41/55 MP: 14/16
  9116 | D:6      | Found a staircase to the Ecumenical Temple.
  9124 | D:6      | HP: 2/56 [ice beast (16)]
  9185 | Temple   | Entered the Ecumenical Temple
  9454 | Temple   | Became a worshipper of Gozag Ym Sagoz the Greedy
  9493 | D:6      | Reached skill level 8 in Unarmed Combat
  9493 | D:6      | Reached skill level 5 in Spellcasting
  9714 | D:6      | Found Xahid's Antique Armour Boutique.
  9738 | D:6      | Reached skill level 5 in Transmutations
  9851 | D:6      | Bought a runed hat for 210 gold pieces
  9918 | D:6      | Found Nuna's Armour Shoppe.
 10009 | D:7      | Found a shimmering blue altar of Sif Muna.
 10125 | D:7      | HP: 2/57 [centaur (7)]
 10519 | D:7      | Reached skill level 1 in Shields
 10703 | D:7      | Found a shadowy altar of Dithmenos.
 10846 | D:7      | Found a glowing golden altar of the Shining One.
 10879 | D:7      | Identified the +5 ring mail "Trusted Companion" {rElec
                  | Dex+3}
 10957 | D:7      | Noticed a two-headed ogre
 11133 | D:3      | Found a sacrificial altar of Ru.
 11360 | D:3      | Found a stormy altar of Qazlal.
 11417 | D:3      | Killed Grinder
 11605 | D:3      | Killed Crazy Yiuf
 11606 | D:3      | Reached skill level 9 in Unarmed Combat
 11831 | D:7      | Killed a two-headed ogre
 11832 | D:7      | Reached skill level 1 in Evocations
 11832 | D:7      | Reached XP level 10. HP: 63/63 MP: 12/18
 11985 | D:8      | Found a staircase to the Lair.
 12343 | D:8      | Reached skill level 5 in Dodging
 12621 | D:8      | Noticed Psyche
 12626 | D:8      | Killed Psyche
 13467 | D:6      | Bought the ring "Loyconoc" {rC+ Int+2 Stlth+} for 392 gold
                  | pieces
 13564 | D:9      | Noticed a cyclops
 13564 | D:9      | Noticed a cyclops
 13564 | D:9      | Noticed a centaur warrior
 13564 | D:9      | You fall into a shaft and drop 1 floor!
 13564 | D:10     | Entered Level 10 of the Dungeon
 13891 | D:10     | Reached skill level 1 in Translocations
 14183 | D:10     | Reached skill level 10 in Unarmed Combat
 14679 | D:10     | Found Ican's Distillery.
 14945 | D:10     | Bought a potion of might for 64 gold pieces
 14945 | D:10     | Bought a potion of haste for 160 gold pieces
 14945 | D:10     | Bought a potion of curing for 48 gold pieces
 15077 | D:10     | Got a vibrating platinum amulet
 15589 | D:9      | Found a radiant altar of Vehumet.
 15612 | D:9      | Found a blossoming altar of Fedhas.
 15614 | D:9      | Found a hide-covered altar of Uskayaw.
 15626 | D:9      | Found a large runed translucent door.
 15627 | D:9      | Found a large runed translucent door.
 15834 | D:9      | Found a hazy altar of Hepliaklqana.
 16266 | D:9      | Noticed a four-headed hydra
 16276 | D:9      | Noticed Erica
 16433 | D:8      | Identified the amulet "Baazxife" {Spirit rF+ MP+9 Str+7}
                  | (You found it on level 10 of the Dungeon)
 16500 | D:7      | Learned a level 5 spell: Blade Hands
 16656 | D:6      | Bought the ring "Xiururghu" {rCorr Dex+2} for 343 gold
                  | pieces
 16739 | D:9      | Found a staircase to the Orcish Mines.
 16771 | D:9      | Noticed Quickbrownfox's ghost (novice MiFi)
 16843 | D:8      | Learned a level 4 spell: Ice Form
 16866 | D:9      | Reached XP level 11. HP: 40/68 MP: 18/20
 17052 | D:9      | Killed a cyclops
 17428 | D:9      | Killed a four-headed hydra
 17792 | D:9      | Killed a centaur warrior
 18590 | D:11     | Noticed a seven-headed hydra
 18603 | D:11     | Killed a seven-headed hydra
 18604 | D:11     | Reached skill level 11 in Unarmed Combat
 19254 | D:11     | Noticed a centaur warrior
 19262 | D:11     | Noticed Sonja
 19265 | D:11     | HP: 2/70 [centaur warrior (2)]
 19267 | D:11     | Killed a centaur warrior
 19270 | D:11     | HP: 1/70 [disintegration (31)]
 19598 | Lair:1   | Entered Level 1 of the Lair of Beasts
 19606 | Lair:1   | Reached skill level 5 in Fighting
 19825 | Lair:1   | Reached XP level 12. HP: 34/77 MP: 13/23
 20160 | Lair:1   | Noticed Joseph
 20172 | Lair:1   | Killed Joseph
 20506 | Lair:1   | Noticed Grum
 20528 | Lair:1   | Slain by Grum

Illustrated notes

Levels and vault maps discovered:
D:1:      saegor_arrival_simple_a, layout_rooms
D:2:      layout_rooms, nicolae_tso_swordbearing_angel, uniq_sigmund,
          uniq_terence
D:3:      layout_basic, lemuel_coloured_pillars_altar,
          overflow_temple_1_default, uniq_crazy_yiuf_cottage, uniq_grinder
D:4:      layout_basic, lemuel_doored_altar, nicolae_overflow_hidden_temple,
          uniq_menkaure
D:5:      layout_cave_pools, gup_sewer_entry_glass
D:6:      layout_basic, nzn_wu_jian_contemplation, minmay_temple_entry_glass,
          serial_shops, kennysheep_mini_moat, nicolae_shop_window_shopping,
          shop, shop, nicolae_shop_statue_plus
D:7:      layout_gridville, nicolae_dithmenos_shadow_blocks, lemuel_round_altar,
          lemuel_statue_altar
D:8:      statuecave_lemuel, layout_gridville, erik_lair_orcish_takeover,
          chequers_serial_rivers_small_3, kb_lookout_dungeons_type,
          minmay_crystal_room, uniq_psyche
D:9:      layout_long_grid, kennysheep_mini, nzn_hepliaklqana_mist_gate,
          chequers_temple_overflow_statue_of_worship, orc_0_dummy,
          ebering_ghost_disaster_area, minmay_the_grid_2x2
          [minmay_the_grid_diamond_grid, minmay_the_grid_outer_circle,
          minmay_the_grid_dragon_b, minmay_the_grid_prize_big_room], uniq_erica
D:10:     layout_stronghold, serial_shops, nicolae_shop_trees
D:11:     layout_long_grid, uniq_sonja
Temple:   cyrus_temple_forest
Lair:1:   layout_loops_ring, minivault_25, grunt_megastairs_1,
          serial_bayou_shore_b, infiniplex_staircase_pool, lemuel_fruit_fields,
          uniq_joseph, uniq_gastronok, uniq_grum

Skill      XL: |  1  2  3  4  5  6  7  8  9 10 11 12 |
---------------+-------------------------------------+-----
Stealth        | 1 4 |  4.8
Poison Magic   | 1 2 3 |  3.1
Unarmed Combat | 4 5 6 7 9 10 11 | 11.5
Throwing       | 1 2 |  2.1
Spellcasting   | 3 4 5 6 7 8 |  8.2
Transmutations | 3 4 5 6 7 |  7.4
Fighting       | 2 3 5 |  5.1
Dodging        | 3 4 5 7 |  7.4
Shields        | 1 2 |  2.8
Evocations     | 1 2 3 |  3.0
Translocations | 1 |  1.3
Ice Magic      | |  0.6

Action                   |  1- 3 |  4- 6 |  7- 9 | 10-12 || total
-------------------------+-------+-------+-------+-------++-------
Melee: Unarmed           |    68 |   144 |   321 |   380 ||   913
       Constrict         |    18 |    30 |    42 |    31 ||   121
       Punch             |     2 |     6 |    14 |    25 ||    47
       Tentacles         |    10 |    26 |    47 |    49 ||   132
Throw: Dart              |       |     4 |       |    14 ||    18
 Cast: Spider Form       |       |     1 |    12 |    11 ||    24
       Blink             |       |       |     3 |     4 ||     7
       Blade Hands       |       |       |       |    13 ||    13
       Ice Form          |       |       |       |     2 ||     2
Invok: Call Merchant     |       |       |       |     1 ||     1
Evoke: Wand              |       |     2 |    10 |    24 ||    36
       Box of beasts     |       |       |       |     2 ||     2
  Use: Scroll            |       |     5 |       |    19 ||    24
       Potion            |       |       |     2 |     5 ||     7
 Stab: Sleeping          |     8 |     8 |    11 |     9 ||    36
       Invisible         |       |     1 |       |       ||     1
       Distracted        |       |     1 |       |     4 ||     5
Armor: Skin              |    10 |     5 |    12 |    19 ||    46
Dodge: Dodged            |    44 |    97 |   172 |   281 ||   594
Block: Other             |       |       |    29 |    37 ||    66
       Reflection        |       |       |     3 |     4 ||     7
